Map: Jagannatha LE

Players

ShoWTimE - Winner!

  • Race: Protoss Protoss

Reynor

  • Race: Zerg Zerg

Event: DreamHack SC2 Masters 2021 Fall

VOD

Have the link to the VOD?

Description

Time

  • Played on: Aug. 8, 2021, 11:09 a.m.
  • Length: 16:55

All games in this series

Show
View Real Time Build Order
Export as new Build Order

ShoWTimE Protoss - Winner!

Build Orders: 1 Gate Expand, Oracle Opening 

Get SALT Encoding   

  12  0:00  Probe  
  13  0:12  Probe  
  14  0:18  Pylon  
  14  0:24  Probe (Chrono Boost)  
  15  0:36  Probe (Chrono Boost)  
  15  0:38  Gateway  
  16  0:45  Probe (Chrono Boost)  
  16  0:46  Assimilator  
  17  0:50  Probe  
  18  1:03  Probe  
  19  1:15  Probe  
  20  1:23  Nexus  
  20  1:34  Cybernetics Core  
  20  1:37  Probe  
  21  1:43  Assimilator  
  21  1:49  Probe  
  21  1:52  Pylon  
  22  2:01  Probe  
  23  2:07  Adept (Chrono Boost)  
  23  2:13  Probe  
  26  2:20  Stargate  
  26  2:26  Probe (Chrono Boost)  
  26  2:28  Adept (Chrono Boost)  
  27  2:33  Warp Gate  
  27  2:35  Probe (Chrono Boost)  
  30  2:43  Probe (Chrono Boost)  
  32  2:44  Probe (Chrono Boost)  
  32  2:49  Probe x2 (Chrono Boost)  
  32  2:50  Adept  
  36  3:01  Probe x2  
  36  3:04  Oracle (Chrono Boost)  
  38  3:06  Pylon  
  41  3:13  Probe x2  
  43  3:20  Adept  
  43  3:25  Probe x2  
  47  3:29  Gateway  
  47  3:35  Oracle (Chrono Boost)  
  47  3:37  Probe  
  47  3:38  Probe  
  47  3:40  Pylon  
  52  3:49  Probe  
  52  3:50  Probe  
  54  3:58  Nexus  
  54  4:02  Pylon  
  54  4:03  Probe  
  54  4:05  Probe  
  54  4:09  Assimilator  
  56  4:10  Oracle (Chrono Boost)  
  56  4:16  Assimilator  
  60  4:17  Probe  
  60  4:18  Probe  
  60  4:23  Adept  
  63  4:24  Adept  
  63  4:29  Probe  
  63  4:31  Probe  
  67  4:34  Pylon  
  67  4:41  Probe  
  67  4:43  Probe  
  69  4:48  Robotics Facility  
  69  4:53  Probe  
  69  4:55  Probe  
  69  4:58  Forge  
  69  4:59  Gateway, Sentry  
  73  5:00  Sentry  
  73  5:05  Probe  
  76  5:07  Probe  
  76  5:08  Pylon  
  77  5:16  Shield Battery  
  76  5:23  Pylon  
  76  5:25  Gateway  
  76  5:26  Probe x2  
  73  5:29  Probe  
  73  5:34  Photon Cannon  
  74  5:35  Immortal (Chrono Boost)  
  74  5:40  Probe (Chrono Boost)  
  74  5:41  Sentry, Probe x2 (Chrono Boost)  
  74  5:42  Protoss Ground Weapons Level 1  
  79  5:48  Assimilator  
  79  5:50  Assimilator  
  79  5:51  Pylon  
  79  5:53  Probe (Chrono Boost)  
  79  5:55  Probe x2 (Chrono Boost)  
  82  5:58  Probe (Chrono Boost)  
  82  6:02  Probe  
  82  6:03  Stalker, Probe  
  87  6:08  Twilight Council, Probe  
  87  6:10  Phoenix x2  
  88  6:15  Probe x2  
  88  6:18  Gateway  
  90  6:19  Gateway  
  90  6:20  Probe  
  90  6:21  Robotics Bay  
  90  6:23  Immortal (Chrono Boost)  
  91  6:27  Probe x2  
  91  6:30  Gateway  
  91  6:31  Gateway  
  97  6:41  Zealot x2  
  97  6:42  Pylon, Zealot  
  103  6:52  Nexus  
  103  6:55  Probe x2  
  103  6:56  Probe  
  103  7:00  Dark Shrine  
  106  7:05  Photon Cannon  
  106  7:07  Photon Cannon, Probe  
  106  7:08  Disruptor (Chrono Boost), Probe x2  
  112  7:17  Pylon  
  112  7:20  Probe  
  112  7:24  Pylon, Probe  
  113  7:33  Shield Battery  
  113  7:34  Disruptor (Chrono Boost)  
  113  7:37  Pylon  
  113  7:41  Assimilator  
  116  7:45  Assimilator  
  116  7:47  Probe x3  
  116  7:50  Pylon  
  119  7:57  Gateway  
  119  7:59  Gateway  
  119  8:01  Gateway  
  119  8:03  Photon Cannon  
  119  8:05  Disruptor (Chrono Boost)  
  119  8:09  Photon Cannon  
  119  8:11  Pylon  
  122  8:14  Gateway  
  122  8:16  Gateway  
  122  8:18  Dark Templar x5  
  132  8:20  Dark Templar x2  
  132  8:24  Archon x2  
  132  8:25  Archon  
  136  8:30  Protoss Ground Weapons Level 2 (Chrono Boost)  
  136  8:34  Fleet Beacon  
  136  8:37  Stargate  
  136  8:39  Stargate  
  136  8:41  Protoss Air Weapons Level 1  
  136  8:43  Photon Cannon  
  136  8:48  Dark Templar, Photon Cannon  
  138  8:50  Immortal (Chrono Boost)  
  138  8:52  Archon  
  142  8:57  Dark Templar  
  142  8:58  Pylon, Dark Templar  
  142  8:59  Pylon  
  142  9:02  Archon  
  146  9:04  Stalker  
  146  9:05  Stalker  
  150  9:21  Carrier x3 (Chrono Boost)  
  158  9:33  Templar Archives  
  158  9:35  Zealot x4  
  158  9:36  Zealot  
  158  9:37  Pylon  
  168  9:44  Observer (Chrono Boost)  
  169  9:49  Zealot x5  
  169  9:52  Pylon  
  179  9:57  Observer (Chrono Boost)  
  169  10:15  Dark Templar x3  
  169  10:19  Archon  
  175  10:24  Carrier x2 (Chrono Boost)  
  178  10:32  Zealot x10  
  178  10:35  Charge (Chrono Boost), Psionic Storm  
  194  10:52  Nexus  
  194  10:56  Pylon  
  174  11:03  Zealot x5  
  178  11:07  Zealot x3  
  178  11:08  Zealot x2  
  185  11:14  Zealot x3  
  191  11:23  Photon Cannon  
  191  11:24  Photon Cannon  
  187  11:27  Void Ray (Chrono Boost)  
  187  11:29  Probe  
  187  11:31  Probe  
  186  11:34  High Templar x5  
  200  11:52  Protoss Ground Weapons Level 3 (Chrono Boost)  
  197  12:01  Void Ray (Chrono Boost)  
  197  12:03  Nexus  
  197  12:04  Protoss Air Weapons Level 2, Void Ray x2 (Chrono Boost)  
  197  12:05  Pylon  
  157  12:12  High Templar  
  157  12:15  Photon Cannon  
  171  12:16  Photon Cannon  
  171  12:18  Photon Cannon, Stalker  
  171  12:19  Stalker, Zealot x4  
  171  12:22  Zealot x2  
  187  12:28  Zealot x3  
  169  12:44  Photon Cannon  
  169  12:46  Photon Cannon  
  169  12:48  Photon Cannon  
  169  12:51  Flux Vanes  
  169  12:52  Void Ray x3  
  173  13:03  Probe  
  173  13:04  Probe x2  
  184  13:08  Gateway  
  184  13:10  Shield Battery  
  184  13:15  Shield Battery  
  174  13:23  Zealot x5  
  174  13:24  Zealot x4  
  177  13:30  Zealot  
  177  13:31  Probe (Chrono Boost)  
  177  13:32  Probe (Chrono Boost)  
  179  13:36  Probe (Chrono Boost)  
  179  13:41  Probe (Chrono Boost)  
  166  13:43  Probe (Chrono Boost)  
  166  13:44  Probe (Chrono Boost)  
  168  13:51  Void Ray, Probe (Chrono Boost)  
  168  13:52  Probe x2 (Chrono Boost)  
  168  13:53  Probe (Chrono Boost)  
  171  13:58  Probe x3  
  171  14:01  Probe  
  171  14:02  High Templar x2  
  183  14:07  High Templar x3, Archon  
  183  14:09  High Templar  
  191  14:10  Probe x3  
  191  14:12  Archon  
  191  14:13  Archon, Probe  
  191  14:15  Immortal (Chrono Boost)  
  187  14:20  Void Ray x2  
  187  14:22  Probe x2  
  187  14:23  Probe  
  198  14:36  Gateway  
  184  14:39  Photon Cannon  
  184  14:40  Void Ray  
  170  14:49  High Templar x6  
  170  14:50  Zealot  
  188  14:53  Archon x3, Immortal (Chrono Boost)  
  192  15:00  Photon Cannon  
  192  15:03  Assimilator  
  192  15:07  Assimilator  
  192  15:09  Zealot x4  
  198  15:27  Void Ray x3  
  192  15:32  Immortal  
  192  15:35  Zealot x2  
  191  15:50  Zealot x4  
  191  15:56  Photon Cannon  
  199  15:58  Photon Cannon  
  199  16:00  Shield Battery  
  191  16:11  Archon  
  191  16:17  Zealot x9  
  191  16:18  Zealot  
  187  16:21  Zealot  
  179  16:41  Zealot x4  
  157  16:51  High Templar  
  157  16:52  High Templar x6  
Show
View Real Time Build Order
Export as new Build Order

Reynor Zerg 

Build Orders: Hatch First 

Get SALT Encoding   

  12  0:00  Drone  
  13  0:11  Overlord  
  13  0:16  Drone  
  14  0:30  Drone  
  14  0:31  Drone  
  16  0:48  Hatchery  
  15  0:51  Drone  
  15  0:55  Drone  
  17  0:59  Drone  
  18  1:07  Extractor  
  17  1:14  Spawning Pool  
  17  1:18  Drone  
  17  1:21  Drone  
  18  1:27  Drone  
  19  1:38  Drone  
  20  1:48  Overlord  
  20  2:01  Queen x2  
  22  2:02  Drone x2  
  26  2:09  Metabolic Boost  
  26  2:12  Zergling x2  
  27  2:15  Zergling x2  
  27  2:22  Drone x2  
  30  2:36  Hatchery  
  29  2:42  Queen  
  31  2:46  Drone  
  31  2:49  Overlord  
  32  2:52  Zergling x2  
  32  2:54  Drone  
  32  2:56  Drone  
  35  3:02  Drone  
  36  3:07  Drone, Overlord  
  36  3:10  Drone x2  
  39  3:13  Drone  
  39  3:15  Drone  
  39  3:17  Drone  
  42  3:28  Zergling x4, Queen  
  42  3:31  Queen  
  48  3:38  Overlord  
  48  3:41  Spore Crawler, Drone x2  
  50  3:43  Drone  
  50  3:45  Drone  
  50  3:48  Drone x2  
  53  3:52  Queen  
  55  3:57  Drone  
  55  3:59  Drone  
  55  4:02  Zergling x4  
  59  4:04  Drone  
  59  4:07  Spore Crawler, Overlord  
  59  4:13  Queen  
  59  4:14  Drone  
  59  4:15  Drone  
  63  4:17  Drone  
  63  4:18  Drone  
  63  4:21  Drone  
  66  4:25  Overlord  
  66  4:27  Roach Warren  
  66  4:28  Drone  
  66  4:29  Drone  
  66  4:31  Drone  
  68  4:32  Drone  
  68  4:35  Overlord  
  68  4:37  Drone  
  68  4:38  Drone  
  71  4:42  Drone x2  
  71  4:45  Spore Crawler  
  69  4:46  Drone  
  69  4:48  Drone  
  69  4:49  Drone  
  69  4:50  Drone x2  
  75  4:53  Overlord  
  75  4:54  Extractor  
  75  4:59  Lair, Drone  
  75  5:01  Drone  
  75  5:04  Evolution Chamber  
  75  5:05  Extractor  
  74  5:07  Drone x3  
  74  5:08  Drone  
  74  5:11  Overlord  
  77  5:22  Drone  
  77  5:23  Drone x3  
  77  5:24  Drone x2  
  77  5:26  Drone x2  
  85  5:31  Zerg Melee Weapons Level 1  
  85  5:35  Overlord  
  84  5:36  Drone  
  84  5:37  Drone  
  84  5:38  Drone x2  
  84  5:39  Drone x2  
  84  5:42  Extractor, Drone x2  
  89  5:44  Spore Crawler  
  88  5:55  Drone x6, Hatchery  
  93  5:58  Extractor  
  93  5:59  Overlord  
  92  6:08  Drone x3  
  91  6:14  Drone  
  91  6:15  Baneling Nest  
  91  6:16  Extractor, Hatchery, Evolution Chamber  
  88  6:20  Spore Crawler  
  87  6:28  Drone  
  87  6:31  Drone  
  87  6:32  Drone x9  
  98  6:33  Overlord  
  98  6:34  Hatchery  
  98  6:37  Glial Reconstitution  
  97  6:40  Drone x2  
  97  6:41  Drone x4  
  97  6:45  Overlord  
  102  6:51  Overlord  
  101  6:56  Zerg Missile Weapons Level 1  
  101  7:00  Centrifical Hooks  
  101  7:06  Drone x10  
  109  7:08  Overlord  
  109  7:11  Drone x2  
  109  7:13  Drone  
  111  7:17  Roach x4  
  111  7:20  Roach  
  120  7:27  Zerg Melee Weapons Level 2  
  120  7:29  Infestation Pit, Roach x3  
  125  7:33  Spore Crawler  
  124  7:39  Queen  
  124  7:40  Drone x3  
  124  7:42  Drone x3  
  124  7:43  Roach  
  124  7:44  Zergling x4, Extractor, Roach x2  
  140  7:45  Roach  
  140  7:46  Roach  
  140  7:47  Ravager  
  140  7:48  Ravager x4  
  140  7:50  Ravager x2  
  150  7:52  Spore Crawler, Drone x3  
  150  7:53  Drone  
  150  7:58  Zergling x6  
  155  8:05  Zergling x4  
  158  8:06  Overlord x3  
  158  8:09  Pneumatized Carapace  
  158  8:10  Hive  
  158  8:21  Overlord  
  158  8:22  Baneling  
  158  8:23  Baneling x9  
  158  8:25  Drone x2  
  160  8:28  Zergling x20  
  160  8:29  Zergling x8  
  160  8:31  Overseer  
  174  8:36  Infestor  
  174  8:37  Extractor, Drone x3  
  174  8:39  Baneling x6  
  174  8:40  Zergling x6, Roach x3  
  187  8:43  Drone x3  
  187  8:45  Spore Crawler  
  187  8:46  Drone, Spine Crawler  
  187  8:47  Zergling x4, Spine Crawler  
  190  8:48  Spine Crawler  
  190  8:53  Zerg Missile Weapons Level 2  
  190  8:54  Overlord  
  189  8:58  Baneling x6  
  189  9:00  Spire  
  188  9:04  Zergling x4  
  188  9:22  Zergling x24  
  188  9:23  Overlord  
  188  9:24  Overlord x2  
  190  9:33  Drone, Evolution Chamber  
  190  9:35  Baneling  
  190  9:36  Baneling x15  
  190  9:39  Hatchery  
  190  9:41  Adrenal Glands  
  190  9:44  Zergling x2  
  190  9:45  Zergling x20  
  193  10:08  Zergling x2  
  193  10:09  Zergling x16  
  191  10:14  Zergling x8  
  191  10:15  Zergling x10  
  191  10:16  Zerg Flyer Weapons Level 1  
  191  10:17  Zerg Ground Armor Level 1, Zerg Melee Weapons Level 3  
  191  10:19  Ultralisk Cavern  
  191  10:20  Extractor  
  190  10:31  Corruptor  
  190  10:32  Corruptor x7  
  198  10:41  Drone x2  
  198  10:42  Extractor  
  187  11:04  Zergling x46  
  178  11:09  Chitinous Plating  
  181  11:17  Zergling x22  
  187  11:24  Baneling x8  
  187  11:25  Baneling x3  
  178  11:26  Corruptor x3  
  178  11:27  Corruptor x2  
  178  11:29  Drone x2  
  178  11:31  Zergling x10, Ultralisk  
  199  11:40  Hatchery  
  197  11:49  Zergling x6  
  197  12:06  Ultralisk x3  
  199  12:10  Baneling x11  
  199  12:14  Zerg Ground Armor Level 2  
  199  12:24  Zergling x2  
  199  12:29  Zergling x12  
  188  12:40  Zergling x20  
  188  12:41  Zergling x12  
  199  12:54  Baneling x14  
  199  12:57  Zerg Flyer Weapons Level 2, Zerg Missile Weapons Level 3  
  199  13:07  Overseer, Anabolic Synthesis  
  189  13:20  Corruptor  
  189  13:21  Corruptor x6  
  189  13:25  Corruptor x4  
  198  13:28  Corruptor  
  197  13:34  Zergling x8  
  196  13:42  Zergling x8  
  197  13:55  Zergling x6  
  200  14:00  Baneling x16  
  197  14:24  Zergling x8  
  198  14:31  Extractor  
  198  14:32  Extractor  
  187  14:42  Ultralisk x3  
  187  14:43  Ultralisk  
  188  14:47  Corruptor x2  
  188  14:48  Corruptor x3  
  188  14:50  Zergling x10  
  197  14:53  Overseer  
  197  14:54  Zergling x4  
  197  14:58  Baneling x9  
  197  14:59  Overlord x4  
  197  15:07  Overlord  
  197  15:17  Spore Crawler, Spine Crawler  
  197  15:19  Spine Crawler  
  194  15:22  Spine Crawler x2  
  194  15:23  Zergling x18, Spine Crawler  
  190  15:33  Ultralisk x5  
  190  15:34  Zergling x2  
  199  15:40  Corruptor x4  
  194  15:42  Overlord  
  194  15:46  Corruptor x3  
  194  15:48  Zergling x14  
  197  16:01  Overlord  
  184  16:16  Zergling x36  
  147  16:18  Corruptor x2  
  147  16:19  Corruptor  
  151  16:33  Zergling x12  

Tags
 
Add a new tag
Caveats
  • Supply blocks, unpowered buildings, or Contaminate may cause inaccurate times.
  • Supply counts are checked every 10 seconds.